Map: Prion Terraces

Players

Grumm

  • Race: Terran Terran
  • League: Gold

tron - Winner!

  • Race: Terran Terran
  • League: Gold

VOD

Have the link to the VOD?

Description

Time

  • Played on: Feb. 11, 2016, 1:32 p.m.
  • Length: 10:05
Show
View Real Time Build Order
Export as new Build Order

Grumm Terran 

Build Orders:  

Get SALT Encoding   

  12  0:01  SCV  
  13  0:15  Supply Depot  
  13  0:18  SCV  
  14  0:30  SCV  
  15  0:39  Barracks  
  15  0:45  Supply Depot  
  15  0:50  Refinery  
  15  0:57  Refinery  
  15  1:02  SCV  
  16  1:17  Barracks  
  16  1:41  Reaper  
  16  1:45  Orbital Command  
  17  2:01  Barracks  
  17  2:06  Barracks  
  17  2:14  Reaper  
  18  2:32  SCV  
  19  2:55  SCV  
  19  3:21  SCV  
  19  3:22  Marine x2  
  19  3:23  Marine  
  23  3:28  Factory  
  23  3:33  SCV  
  23  3:38  Engineering Bay  
  23  3:40  Marine x2  
  25  3:45  SCV  
  26  3:52  Supply Depot  
  26  4:03  SCV  
  27  4:11  Marine x4  
  27  4:14  Starport  
  27  4:15  SCV  
  27  4:16  Hellion  
  34  4:30  SCV  
  35  4:39  Barracks Tech Lab x2  
  35  4:42  Barracks Tech Lab, Barracks Reactor  
  35  4:44  Widow Mine  
  37  5:03  Command Center  
  37  5:06  SCV  
  38  5:08  Combat Shields  
  38  5:10  Bunker  
  38  5:18  SCV  
  39  5:46  Medivac  
  38  6:18  Missile Turret  
  38  6:34  Missile Turret  
  38  6:42  Terran Infantry Weapons Level 1  
  38  6:44  Viking  
  38  6:46  Widow Mine  
  42  6:49  Marauder  
  42  6:50  Marine x2  
  42  6:51  Marine  
  44  7:17  Missile Turret  
  44  7:22  Missile Turret  
  44  7:27  Missile Turret  
  43  7:39  Refinery  
  43  8:01  Marine  
  43  8:02  Marine x4  
  43  8:03  Medivac  
  50  8:06  Hellion  
  52  8:19  Marine  
  53  8:20  Marine  
  53  8:23  Marine  
  54  8:33  Supply Depot  
  54  8:39  Orbital Command  
  54  8:54  Widow Mine  
  54  8:55  Marine x5, SCV  
  62  8:59  Refinery  
  62  9:04  Hi-Sec Auto Tracking  
  62  9:42  Marine, SCV  
Show
View Real Time Build Order
Export as new Build Order

tron Terran - Winner!

Build Orders: Liberator Opening 

Get SALT Encoding   

  12  0:01  SCV  
  13  0:13  SCV  
  14  0:17  Supply Depot  
  14  0:25  SCV  
  15  0:39  SCV  
  15  0:40  Barracks  
  16  0:51  SCV  
  16  0:55  Refinery  
  17  1:03  SCV  
  19  1:30  Orbital Command  
  18  1:35  Marine  
  19  1:50  Command Center  
  19  1:58  Refinery, Marine  
  20  2:09  Factory  
  20  2:15  SCV  
  21  2:17  Supply Depot  
  21  2:31  SCV  
  21  2:32  Bunker  
  21  2:33  Marine  
  23  2:50  Marine  
  22  2:59  SCV  
  23  3:06  Hellion  
  23  3:12  SCV  
  26  3:13  Starport  
  25  3:26  Marine  
  26  3:35  Widow Mine  
  26  3:37  SCV  
  26  3:38  Liberator  
  29  3:44  Marine  
  30  3:49  SCV  
  31  3:58  Orbital Command  
  31  4:01  SCV  
  35  4:11  Supply Depot  
  35  4:16  Marine, SCV  
  37  4:28  SCV  
  38  4:31  SCV  
  38  4:32  Engineering Bay  
  38  4:36  Barracks  
  39  4:39  Barracks  
  39  4:40  SCV  
  39  4:44  Widow Mine  
  42  4:48  SCV  
  43  4:53  Supply Depot  
  43  4:57  SCV  
  44  5:00  SCV  
  45  5:33  SCV x2  
  45  5:34  Medivac  
  49  5:37  Barracks Tech Lab, Barracks Reactor  
  49  5:38  Factory Tech Lab  
  49  5:45  SCV  
  49  5:47  Factory Tech Lab  
  49  5:48  Marine  
  51  6:00  Barracks  
  51  6:05  Marine  
  51  6:06  Siege Tank  
  51  6:08  Barracks x2  
  51  6:09  Barracks  
  51  6:10  Starport Reactor  
  55  6:13  Stimpack  
  55  6:25  SCV x2  
  57  6:30  Refinery  
  57  6:32  Refinery  
  57  6:37  SCV  
  58  6:45  Command Center  
  58  7:14  SCV x2  
  60  7:16  Marine  
  61  7:33  Marine  
  62  7:38  Medivac, Marine  
  62  7:40  Terran Infantry Weapons Level 1  
  62  7:46  Supply Depot  
  62  7:49  Supply Depot  
  62  7:51  Medivac, Marine x7, Siege Tank  
  70  7:53  Supply Depot  
  70  7:55  Marine  
  75  8:09  Supply Depot, Engineering Bay  
  75  8:10  Armory  
  75  8:11  Supply Depot  
  75  8:13  Marauder, Marine x4  
  75  8:14  Marine x3  
  84  8:20  Planetary Fortress  
  84  8:23  Siege Tank  
  87  8:31  Marine x2, SCV x2  
  91  8:35  Marauder  
  93  8:41  Medivac x2  
  93  8:43  SCV x2  
  99  8:55  Widow Mine, SCV x2  
  101  8:57  Supply Depot, Marine x6  
  101  8:58  Marauder, Marine, Supply Depot  
  112  9:07  SCV  
  113  9:14  Marine  
  113  9:15  Marine  
  113  9:16  Missile Turret, SCV x2  
  117  9:19  SCV  
  117  9:20  Marine x4  
  117  9:21  Marauder  
  124  9:24  Siege Tank  
  124  9:28  Medivac, SCV  
  130  9:33  Viking  
Tags
 
Add a new tag
Caveats
  • Supply blocks, unpowered buildings, or Contaminate may cause inaccurate times.
  • Supply counts are checked every 10 seconds.